 Dungeon Sprint DCSS version 0.28-a0-239-g68911e0c57 (webtiles) character file.

Game seed: 3571412253829676985

549 jt the Cleaver (level 7, 0/55 HPs)
             Began as a Palentonga Fighter on Aug 23, 2021.
             Killed from afar by an electric eel (12 damage)
             ... with a bolt of electricity
             ... in the Dungeon (Sprint II: "The Violet Keep of Menkaure").
             The game lasted 00:01:01 (391 turns).

jt the Cleaver (Palentonga Fighter)                  Turns: 391, Time: 00:01:02

Health: 0/55       AC: 13    Str: 22    XL:     7   Next: 7%
Magic:  7/7        EV:  7    Int:  8    God:
Gold:   486        SH: 10    Dex:  9    Spells: 6/6 levels left

rFire   . . .      SeeInvis +   a - +0 war axe
rCold   . . .      Faith    .   c - +0 kite shield
rNeg    . . .      Spirit   .   b - +0 scale mail
rPois   .          Reflect  .   (no helmet)
rElec   .          Harm     .   (no cloak)
rCorr   .          Rampage  .   (no gloves)
Will    .....      Rnd*Rage +   (no barding) Stlth ..........NoTele +
                                (no amulet)
HPRegen 0.18/turn               (no ring)
MPRegen 0.10/turn               (no ring)

@: curled up
A: large, rugged brown scales 3, see invisible, deformed body, roll 1, armoured
tail, reflexive curl, berserk 1
a: Rolling Charge


You were in the Dungeon.
You visited 1 branch You collected 486 gold pieces.

Inventory:

Hand Weapons
 a - a +0 war axe (weapon)
Armour
 b - a +0 scale mail (worn)
 c - a +0 kite shield (worn)
Scrolls
 j - a scroll of blinking
Potions
 e - a potion of curing
 g - a potion of haste
 h - 2 potions of magic


   Skills:
 - Level 3.0 Fighting
 + Level 11.4 Axes
 - Level 2.4 Armour
 - Level 9.0 Shields


You had 6 spell levels left.
You didn't know any spells.
Your spell library was empty.

Dungeon Overview and Level Annotations

Branches:
Dungeon (1/1)

Altars:

Annotations:
D Roxanne


Innate Abilities, Weirdness & Mutations

You are completely covered in rugged brown scales. (AC +3, +7% HP)
You have supernaturally acute eyesight. (SInv)
Armour fits poorly on your strangely shaped body.
You can roll at nearby foes to attack.
You have a long armoured tail.
You curl defensively after being hit.
You tend to lose your temper in combat.


Message History

You have reached level 7!
You now curl defensively after being hit.
There is an open door, spattered with blood here.
You see here a wyvern corpse.
Found 243 gold pieces.
Marking area around Roxanne as unsafe for travelling.
You now have 486 gold pieces (gained 243).
You close the door.
There are no items here.
You start resting.
You feel a little less mighty now.
You start resting.
The walls and floor vibrate strangely for a moment.
There is an open door, spattered with blood here.
You see here a wyvern corpse.
You start resting.
HP restored.
There is an open door here.
There is an open door here.
Really walk into a travel-excluded area?
An electric eel comes into view.
You enter the shallow water.
Moving in this stuff is going to be slow.
The electric eel shoots out a bolt of lightning at you!
The bolt of electricity hits you!
The electric eel shoots out a bolt of lightning at you!
The bolt of electricity hits you!
An electric eel comes into view. x2
The electric eel shoots out a bolt of lightning at you!
The bolt of electricity hits you!
The electric eel shoots out a bolt of lightning at you!
The bolt of electricity hits you!
The electric eel shoots out a bolt of lightning at you!
The bolt of electricity hits you!
* * * LOW HITPOINT WARNING * * *
The electric eel shoots out a bolt of lightning at you!
The bolt of electricity misses you.
The electric eel shoots out a bolt of lightning at you!
The bolt of electricity hits you!
You die... ##+# ##.# ## ### #.###.# ..# ##.#.####..## ##÷###.##..# ###.##...#..# #+.<.'.##'..### #.##.####.#....###. #. #+# #.##@.§§§.≈≈ # B#B

###§≈.B...≈# ..
..#≈≈≈≈≈≈§..≈#
##.
.##§≈§§≈≈§§.≈# ##
##≈≈≈§§§≈≈≈≈≈#
≈≈≈≈≈§≈§§§§≈≈#
#'§'#≈≈≈≈≈≈§≈≈#
§§§§;;##≈≈§###≈≈#
≈§;§§§ ##≈§# ≈≈


You could see a boulder beetle and 2 electric eels.

Vanquished Creatures
  2 wyverns (D)
  2 neqoxecs (D)
  3 worms (D)
7 creatures vanquished.

Vanquished Creatures (others)
  A neqoxec (D)
  Menkaure (D)
  A water moccasin (D)
  An electric eel (D)
4 creatures vanquished.

Grand Total: 11 creatures vanquished

Notes
Turn   | Place    | Note
-------+----------+-------------------------------------------
     0 | D        | jt the Palentonga Fighter began the quest for the Orb.
     0 | D        | Reached XP level 1. HP: 19/19 MP: 1/1
     1 | D        | Noticed a neqoxec
     6 | D        | Gained mutation: You tend to lose your temper in combat. [a
                  | neqoxec]
     9 | D        | Noticed a neqoxec
    11 | D        | Killed a neqoxec
    12 | D        | Reached skill level 7 in Axes
    12 | D        | Reached XP level 2. HP: 25/25 MP: 2/2
    12 | D        | Reached XP level 3. HP: 31/31 MP: 3/3
    12 | D        | Reached XP level 4. HP: 37/37 MP: 4/4
    16 | D        | Killed a neqoxec
    17 | D        | Reached skill level 8 in Axes
    17 | D        | Reached XP level 5. HP: 43/43 MP: 5/5
    21 | D        | Killed Menkaure
    28 | D        | Killed a water moccasin
    64 | D        | Noticed a boulder beetle
    64 | D        | Noticed a boulder beetle
    74 | D        | Reached skill level 9 in Axes
   118 | D        | Noticed a wyvern
   118 | D        | Noticed a wyvern
   128 | D        | Killed a wyvern
   129 | D        | Reached skill level 10 in Axes
   129 | D        | Reached XP level 6. HP: 20/50 MP: 6/6
   130 | D        | Killed a wyvern
   131 | D        | Reached skill level 11 in Axes
   131 | D        | Gained mutation: You curl defensively after being hit.
                  | [Palentonga growth]
   131 | D        | Reached XP level 7. HP: 10/55 MP: 7/7
   134 | D        | Identified Roxanne's Handbook of Stones
   134 | D        | Noticed Roxanne
   155 | D        | Killed a neqoxec
   391 | D        | Killed from afar by an electric eel

Illustrated notes

Levels and vault maps discovered:
D:        the_violet_keep_of_menkaure [sprint2_stairs_cluster_1,
          sprint2_shoproom, sprint2_temple, sprint2_basic_supplies,
          sprint2_obstacle_7, sprint2_obstacle_5, sprint2_obstacle_6,
          sprint2_obstacle_4, sprint2_obstacle_1, sprint2_timed_cluster_1,
          sprint2_smallroom_cluster_1, sprint2_smallroom_final_cluster_1,
          sprint2_transparent_cluster_1, sprint2_second_timed_cluster_1,
          sprint2_sniper_area_1, sprint2_heavy_combat_area_1,
          sprint2_mutation_trap_area_1, sprint2_forest_area_1,
          sprint2_light_combat_area_1, sprint2_behind_water_1,
          sprint2_near_end_vault_1]

Skill      XL: |  1  2  3  4  5  6 |
---------------+-------------------+-----
Axes           | 7 8 10 11 | 11.4
Shields        | 6 7 8 9 |  9.0
Fighting       | |  3.0
Armour         | |  2.4

Action                   |  1- 3 |  4- 6 |  7- 9 || total
-------------------------+-------+-------+-------++-------
Melee: War axe           |     6 |    23 |       ||    29
       Tailslap          |     1 |     2 |       ||     3
 Abil: Rolling Charge    |       |     1 |       ||     1
  Use: Potion            |     1 |     2 |       ||     3
Armor: Scale mail        |     2 |     2 |       ||     4
Dodge: Dodged            |       |     3 |     1 ||     4
Block: Kite shield       |     2 |    10 |       ||    12

Table legend: (Time is in decaauts)
 A = Elapsed time spent in this place.
 B = Non-inter-level travel time spent in this place.
 C = Inter-level travel time spent in this place.
 D = Time resting spent in this place.
 E = Time spent auto-exploring this place.
 F = Levels seen in this place.
 G = Mean time per level.
                   A        B        C        D        E       F      G
               +--------+--------+--------+--------+--------+-----+--------+
         Total |    408 |    408 |      0 |    332 |      0 |   1 |  408.0 |
       Dungeon |    408 |    408 |      0 |    332 |      0 |   1 |  408.0 |
               +--------+--------+--------+--------+--------+-----+--------+

Top non-repeatable levels by time:
       D: 408 daAuts
